 Dungeon Crawl Stone Soup version 0.29.1-15-g9cfb28693d (webtiles) character file.

Game seed: 12078506768533250922

7 protoss039 the Digger (level 1, 0/14 HPs)
             Began as a Demonspawn Earth Elementalist on Mar 21, 2023.
             Slain by a hobgoblin (1 damage)
             ... on level 1 of the Dungeon.
             The game lasted 00:00:24 (224 turns).

protoss039 the Digger (DsEE)                         Turns: 224, Time: 00:00:25

Health: 0/14       AC:  3    Str:  8    XL:     1   Next: 91%
Magic:  2/3        EV: 11    Int: 16    God:
Gold:   3          SH:  0    Dex: 13    Spells: 3/4 levels left

rFire   x . .      SeeInvis .   d - +2 whip (pain)
rCold   + . .      Faith    .   (no shield)
rNeg    . . .      Spirit   .   f - +0 leather armour
rPois   .          Reflect  .   (no helmet)
rElec   .          Harm     .   (no cloak)
rCorr   .          Rampage  .   (no gloves)
Will    .....                   (no boots)
Stlth   ++........              (no amulet)
HPRegen 0.04/turn               i - ring of ice
MPRegen 0.08/turn               (no ring)

@: no status effects
A: no striking features
a: no special abilities


You were on level 1 of the Dungeon.
You visited 1 branch of the dungeon, and saw 1 of its levels.

You collected 3 gold pieces.

Inventory:

Hand Weapons
 d - a +2 whip of pain (weapon)
Armour
 f - a +0 leather armour (worn)
Jewellery
 i - a ring of ice (left hand)
Scrolls
 e - a scroll of teleportation {unknown}
 g - a scroll of blinking {unknown}
 h - a scroll of acquirement {unknown}
Potions
 a - a potion of curing {unknown}
 b - a potion of magic
 c - a potion of mutation {unknown}


   Skills:
 + Level 0.7 Fighting
 - Level 1.7 Dodging
 - Level 1.7 Stealth
 + Level 2.2 Spellcasting
 - Level 0.8 Transmutations
 + Level 2.9 Earth Magic


You had 3 spell levels left.
You knew the following spells:

 Your Spells              Type           Power      Damage    Failure   Level
a - Sandblast             Erth           22%        2d7       9%          1

Your spell library contained the following spells:

 Spells                   Type           Power      Damage    Failure   Level
 Passwall                 Tmut/Erth      5%         N/A       21%         2
 Stone Arrow              Conj/Erth      12%        3d7       43%         3
 Petrify                  Tmut/Erth      7%         N/A       80%         4


Dungeon Overview and Level Annotations

Branches:
Dungeon (1/15) Zot: 5773

Altars:


Message History

The ball python hisses angrily.
You hit the endoplasm.
The endoplasm is lightly wounded.
You hear a shout!
The endoplasm freezes you.
You are frozen.
You resist. The endoplasm freezes you.
You are frozen.
You resist.
You hit the endoplasm.
You kill the endoplasm!
The goblin hits you but does no damage.
Unknown command.
You hit the ball python.
You kill the ball python!
The goblin hits you with a +0 club.
* * * LOW HITPOINT WARNING * * *
Unknown command.
You are too injured to fight recklessly!
Unknown command.
You are too injured to fight recklessly!
Unknown command.
You are too injured to fight recklessly!
Unknown command.
Unknown command.
The goblin attacks as you move away! The goblin closely misses you.
You closely miss the goblin. The goblin misses you.
You whack the goblin!
You kill the goblin!
You closely miss the hobgoblin. The hobgoblin hits you.
* * * LOW HITPOINT WARNING * * *
Casting: Sandblast (safe; 9% risk of failure)
Confirm with . or Enter, or press ? or * to list all spells.
Aiming: Sandblast (safe; 9% risk of failure)
Press: ? - help, Shift-Dir - straight line, f - hobgoblin
Aim: a hobgoblin (82% to hit)
The blast of sand hits the hobgoblin.
The hobgoblin is heavily wounded.
The hobgoblin hits you but does no damage.
The hobgoblin hits you.
You die...

#>.. #..# #..#
#.#
#....##..###.##
#.# #
#.........$..#
#.# .#
##....##..#####
#.#
.###.....†...#
#.#
###....>.....#.##
#.#
#..>.###....##..#
#.# ##[...# ##...
##g# #.# ...####
#..# #@# #.# #..#
...# #......#
##.# ..## .##
#......# #..# .##
##.....# #.## .#
#...... #.# .#
###...#. #.# .# #
#.###.# #.# .# .#
#.# # ####.###
.####..##
##......#


You could see a hobgoblin.

Vanquished Creatures
  An endoplasm (D:1)
  A goblin (D:1)
  A hobgoblin (D:1)
  2 ball pythons (D:1)
  2 frilled lizards (D:1)
  A rat (D:1)
8 creatures vanquished.

Notes
Turn   | Place    | Note
-------+----------+-------------------------------------------
     0 | D:1      | protoss039 the Demonspawn Earth Elementalist began the
                  | quest for the Orb.
     0 | D:1      | Reached XP level 1. HP: 13/13 MP: 3/3
   224 | D:1      | Slain by a hobgoblin

Illustrated notes

Levels and vault maps discovered:
D:1:      minmay_arrival_diagonal_passages, layout_rooms, minivault_26,
          minmay_crystal_water, hex_tiny

Action                   || total
-------------------------++-------
Melee: Whip              ||    20
       Punch             ||     1
 Cast: Sandblast         ||     2
Armor: Leather armour    ||     3
       Robe              ||     1
Dodge: Dodged            ||    10
